 Dungeon Crawl Stone Soup version 0.21.0-3-g78d12a8 (webtiles) character file.

23951 imganon the Impaler (level 12, -25/95 HPs)
             Began as a Demonspawn Berserker on Jan 12, 2018.
             Was a High Priest of Trog.
             Annihilated by Rhok's ghost (30 damage)
             ... on level 4 of the Lair of Beasts.
             The game lasted 00:32:27 (17447 turns).

imganon the Impaler (Demonspawn Berserker)         Turns: 17447, Time: 00:32:29

Health: -25/95     AC: 17    Str: 30    XL:     12   Next: 76%
Magic:  1/12       EV: 17    Int:  7    God:    Trog [*****.]
Gold:   495        SH:  6    Dex: 19    Spells: 11/11 levels left

rFire    + . .     SeeInvis +   R - +1 trident
rCold    + . .     Gourm    .   Q - +0 buckler
rNeg     . . .     Faith    +   K - +1 leather armour of Disappointment {rC++ Str+4 Int-2 SInv}
rPois    .         Spirit   .   G - +1 helmet
rElec    .         Reflect  .   H - scarf {cloud immunity}
rCorr    .         Harm     .   v - +0 pair of gloves
MR       .....                  (no boots)
Stlth    ++........             k - amulet of faith
HPRegen  0.25/turn              (no ring)
MPRegen  0.13/turn              I - ring of fire

@: mighty, agile, sanguine armour, berserk cooldown, slowed, very slow
A: talons 2, foul stench 1, powered by pain 1, rot immunity, sanguine armour 2
a: Berserk, Trog's Hand, Brothers in Arms, Burn Spellbooks, Renounce Religion


You were on level 4 of the Lair of Beasts.
You worshipped Trog.
Trog was extremely pleased with you.
You were very hungry.

You visited 2 branches of the dungeon, and saw 13 of its levels.

You collected 684 gold pieces.
You spent 189 gold pieces at shops.

Inventory:

Hand Weapons
 a - a +0 spear
 R - a +1 trident (weapon)
Armour
 v - a +0 pair of gloves (worn)
 C - a +1 cloak
 G - a +1 helmet (worn)
 H - a scarf of cloud immunity (worn)
 K - the +1 leather armour of Disappointment (worn) {rC++ Str+4 Int-2 SInv}
   (You bought it in a shop on level 6 of the Dungeon)

   It affects your strength (+4).
   It affects your intelligence (-2).
   It greatly protects you from cold.
   It lets you see invisible.
 Q - a +0 buckler (worn)
Jewellery
 g - a +4 ring of intelligence
 k - an amulet of faith (around neck)
 u - an uncursed ring of see invisible
 I - a ring of fire (right hand)
Wands
 o - a wand of acid (45)
 r - a wand of enslavement (9)
 L - a wand of flame (7)
 P - a wand of clouds (5)
 S - a wand of iceblast (9)
Scrolls
 b - 5 scrolls of magic mapping
 d - 2 scrolls of identify
 e - 5 scrolls of fear
 h - 5 scrolls of enchant weapon
 m - 3 scrolls of blinking {unknown}
 p - 2 scrolls of enchant armour
 t - 2 scrolls of random uselessness {unknown}
 x - a scroll of fog
 y - 3 scrolls of immolation {unknown}
 D - 5 scrolls of remove curse
Potions
 i - 2 potions of agility {unknown}
 j - a potion of might
 q - 6 potions of curing
 s - 4 potions of flight {unknown}
 w - 3 potions of haste {unknown}
 z - 3 potions of magic {unknown}
 A - 2 potions of berserk rage
 B - a potion of brilliance
 E - 3 potions of mutation {unknown}
 M - 2 potions of invisibility {unknown}
 N - a potion of resistance
Comestibles
 c - 15 rations
 l - a chunk of flesh


   Skills:
 + Level 9.1 Fighting
 + Level 15.5 Polearms
 + Level 8.0 Armour
 - Level 1.7 Dodging
 - Level 4.0 Shields


You had 11 spell levels left.
You didn't know any spells.

Dungeon Overview and Level Annotations

Branches:
Dungeon (9/15)             Temple (0/1) D:4            Lair (4/6) D:9
  Snake (0/4) Lair:2
  Swamp: Lair:2-4    Shoals: Lair:2-4       Orc: D:9-12

Altars:
Ashenzari
Cheibriados
Elyvilon
Fedhas
Hepliaklqana
Kikubaaqudgha
Makhleb
Qazlal
Ru
Trog
Uskayaw
Xom
Yredelemnul
Zin

Shops:
D:6 [   D:7 %   D:9 [

Annotations:
Lair:4 Rhok's ghost, journeyman MiBe


Innate Abilities, Weirdness & Mutations

You have razor-sharp toenails.
You may emit foul miasma when damaged in melee.
You sometimes gain a little power by taking damage.
You are immune to rotting.
When seriously injured, your bleeding wounds create thick armour. (AC +9)


Message History

Rhok's ghost whispers, "Trust me.
Just give in."
As you read the scroll labeled NISUD SIAHIRUE, it crumbles to dust.
It is a scroll of enchant armour.
Your +0 helmet glows green for a moment.
Rhok's ghost hits you!!
* * * LOW HITPOINT WARNING * * *
You feel your power leaking away. Rhok's ghost hits you!
* * * LOW HITPOINT WARNING * * *
You focus on the pain.
You feel your power returning.
You feel your power leaking away.
Okay, then.
You feel much better. Rhok's ghost hits you!!
* * * LOW HITPOINT WARNING * * *
You focus on the pain.
You feel agile all of a sudden. You block Rhok's ghost's attack.
Rhok's ghost hits you but does no damage.
Rhok's ghost hits you!!
You die...

#.♣..#....#
#...###P....#
##.##..P..#
##..###....##
#######P.#
#....##....# ##.#
#..........###
#P.#
##...#.........
##.##
#..#......P..#
#...#
#..##.....P###
#..####..#W......#
##.......@......##
###.##P.......##
#####.#.#.###
#######


You could see Rhok's ghost.

Vanquished Creatures
  A yaktaur captain (D:8)
  Fannar (Lair:1)
  3 hydras
  A catoblepas (Lair:3)
  Erica (Lair:2)
  A two-headed ogre (D:8)
  An ugly thing (D:8)
  A manticore (D:8)
  A cyclops (D:9)
  2 black mambas
  2 spiny frogs
  A rime drake (Lair:3)
  2 komodo dragons
  10 polar bears
  2 trolls
  3 hippogriffs
  9 yaks
  2 wyverns (D:9)
  A hungry ghost (D:7)
  2 basilisks
  A steam dragon (D:9)
  3 nagas (Lair:2)
  A vampire mosquito (D:8)
  6 porcupines
  8 water moccasins
  An ice beast (D:8)
  2 sky beasts
  3 orc warriors
  3 phantoms
  7 black bears (Lair:1)
  2 necrophages
  6 ogres
  4 centaurs
  25 wolves
  6 crocodiles
  A big kobold (D:9)
  A gnoll sergeant (D:8)
  13 bullfrogs
  3 scorpions
  7 killer bees
  3 howler monkeys
  5 electric eels
  3 crimson imps
  4 bullfrog zombies
  A centaur zombie (D:8)
  A quasit (D:8)
  5 hounds
  A centaur skeleton (D:4)
  An orc priest (D:6)
  3 jellies
  14 orc wizards
  A gnoll shaman (D:6)
  5 iguanas
  3 worker ants
  A hound zombie (D:8)
  A hound skeleton (D:4)
  26 gnolls
  9 adders
  2 shadow imps
  An ooze (D:2)
  An adder skeleton (D:6)
  3 worms
  3 dart slugs
  8 leopard geckos
  39 orcs
  A bat zombie (D:7)
  5 giant cockroaches
  14 goblins
  14 hobgoblins
  7 jackals
  19 kobolds
  4 quokkas
  2 ball pythons
  5 bats
  4 frilled lizards
  7 rats
  3 rat zombies (D:7)
379 creatures vanquished.

Vanquished Creatures (others)
  A fungus (Lair:4)
1 creature vanquished.

Grand Total: 380 creatures vanquished

Notes
Turn   | Place    | Note
-------+----------+-------------------------------------------
     0 | D:1      | imganon the Demonspawn Berserker began the quest for the Orb.
     0 | D:1      | Reached XP level 1. HP: 18/18 MP: 1/1
    70 | D:1      | Reached skill level 3 in Polearms
    88 | D:1      | Found a hide-covered altar of Uskayaw.
   133 | D:1      | Gained mutation: You sometimes gain a little power by taking damage. [demonic ancestry]
   133 | D:1      | Reached XP level 2. HP: 24/24 MP: 2/2
   596 | D:1      | Reached XP level 3. HP: 26/29 MP: 3/3
   614 | D:1      | Reached ** piety under Trog
   689 | D:1      | Reached skill level 4 in Polearms
   950 | D:2      | Gained mutation: When seriously injured, your bleeding wounds create armour. (AC +9) [demonic ancestry]
   950 | D:2      | Reached XP level 4. HP: 27/35 MP: 4/4
  1017 | D:2      | Reached skill level 5 in Polearms
  1295 | D:2      | Noticed an ogre
  1302 | D:2      | Killed an ogre
  1302 | D:2      | Gained mutation: You have sharp toenails. [demonic ancestry]
  1302 | D:2      | Reached XP level 5. HP: 41/41 MP: 5/5
  1501 | D:2      | Found a sacrificial altar of Ru.
  1627 | D:2      | Reached skill level 6 in Polearms
  1813 | D:3      | Found a burning altar of Makhleb.
  1816 | D:3      | Reached XP level 6. HP: 39/47 MP: 6/6
  2066 | D:3      | Found a shattered altar of Ashenzari.
  2455 | D:4      | You fall through a shaft!
  2455 | D:5      | Entered Level 5 of the Dungeon
  2481 | D:5      | Found a blossoming altar of Fedhas.
  2790 | D:4      | Reached skill level 7 in Polearms
  3031 | D:4      | Reached *** piety under Trog
  3067 | D:4      | Gained mutation: You are immune to rotting. [demonic ancestry]
  3067 | D:4      | Reached XP level 7. HP: 40/52 MP: 7/7
  3207 | D:4      | Reached skill level 8 in Polearms
  3467 | D:4      | Found a staircase to the Ecumenical Temple.
  3532 | D:4      | Found a hazy altar of Hepliaklqana.
  3863 | D:5      | Reached skill level 9 in Polearms
  3863 | D:5      | Gained mutation: You have razor-sharp toenails. [demonic ancestry]
  3863 | D:5      | Reached XP level 8. HP: 55/58 MP: 8/8
  3953 | D:5      | Found a sacrificial altar of Ru.
  3985 | D:5      | Found a bloodstained altar of Trog.
  3985 | D:5      | Found a snail-covered altar of Cheibriados.
  4045 | D:5      | Found a burning altar of Makhleb.
  4211 | D:5      | Found a shimmering altar of Xom.
  4603 | D:6      | Reached skill level 10 in Polearms
  4625 | D:6      | Reached **** piety under Trog
  5190 | D:6      | Found Foamonk's Antique Armour Boutique.
  5198 | D:6      | Bought a warped leather armour for 189 gold pieces
  5208 | D:6      | Identified the +1 leather armour of Disappointment {rC++ Str+4 Int-2 SInv} (You bought it in a shop on level 6 of the Dungeon)
  5252 | D:6      | Reached skill level 11 in Polearms
  5252 | D:6      | Reached XP level 9. HP: 48/63 MP: 9/9
  5836 | D:7      | Reached ***** piety under Trog
  6069 | D:7      | Found Pugykonot's Food Boutique.
  6365 | D:7      | Reached skill level 12 in Polearms
  6764 | D:7      | Found an ancient bone altar of Kikubaaqudgha.
  7250 | D:8      | Reached skill level 13 in Polearms
  7262 | D:8      | Gained mutation: When seriously injured, your bleeding wounds create thick armour. (AC +9) [demonic ancestry]
  7262 | D:8      | Reached XP level 10. HP: 67/70 MP: 10/10
  7463 | D:8      | Noticed a white ugly thing
  7478 | D:8      | Killed a white ugly thing
  7701 | D:8      | Noticed a two-headed ogre
  7702 | D:8      | Noticed a manticore
  7717 | D:8      | Killed a two-headed ogre
  8135 | D:8      | Found a large runed door.
  8135 | D:8      | Found a large runed door.
  8256 | D:8      | HP: 5/105 [manticore (5)]
  8258 | D:8      | Killed a manticore
  8258 | D:8      | Reached skill level 14 in Polearms
  9159 | D:8      | Found a hide-covered altar of Uskayaw.
  9160 | D:8      | Noticed a yaktaur captain
  9162 | D:8      | Found a basalt altar of Yredelemnul.
  9175 | D:8      | Killed a yaktaur captain
  9540 | D:9      | Found a stormy altar of Qazlal.
  9540 | D:9      | Found a white marble altar of Elyvilon.
  9558 | D:9      | Received a gift from Trog
  9558 | D:9      | Reached skill level 15 in Polearms
  9558 | D:9      | Reached XP level 11. HP: 61/75 MP: 11/11
  9790 | D:9      | Found Xifeimuekk's Armour Shop.
 10017 | D:9      | Reached skill level 1 in Shields
 10346 | D:9      | Found a glowing silver altar of Zin.
 10921 | D:9      | Found a staircase to the Lair.
 11071 | Lair:1   | Entered Level 1 of the Lair of Beasts
 11071 | Lair:1   | Noticed Fannar
 11096 | Lair:1   | Killed Fannar
 11536 | Lair:1   | Noticed a four-headed hydra
 11566 | Lair:1   | Killed a four-headed hydra
 11566 | Lair:1   | Reached skill level 5 in Fighting
 12263 | Lair:1   | Reached skill level 5 in Armour
 13389 | Lair:2   | Gained mutation: You may emit foul miasma when damaged in melee. [demonic ancestry]
 13389 | Lair:2   | Reached XP level 12. HP: 71/89 MP: 12/12
 13812 | Lair:2   | Noticed Erica
 13820 | Lair:2   | Killed Erica
 13820 | Lair:2   | Reached ****** piety under Trog
 13960 | Lair:2   | Received a gift from Trog
 14233 | Lair:2   | Found a staircase to the Snake Pit.
 15634 | Lair:3   | Noticed a catoblepas
 15651 | Lair:3   | Killed a catoblepas
 15940 | Lair:3   | Noticed a six-headed hydra
 15965 | Lair:3   | Killed a six-headed hydra
 17088 | Lair:4   | Noticed a four-headed hydra
 17098 | Lair:4   | Killed a four-headed hydra
 17199 | Lair:4   | Received a gift from Trog
 17408 | Lair:4   | Noticed Rhok's ghost (journeyman MiBe)
 17441 | Lair:4   | HP: 3/95 [Rhok's ghost (14)]
 17447 | Lair:4   | Annihilated by Rhok's ghost

Skill      XL: |  1  2  3  4  5  6  7  8  9 10 11 12 |
---------------+-------------------------------------+-----
Polearms       | 3 4 5 6 7 9 11 13 15 | 15.5
Shields        | 4 |  4.0
Armour         | 5 8 |  8.0
Fighting       | 6 9 |  9.1
Dodging        | |  1.7

Action                   |  1- 3 |  4- 6 |  7- 9 | 10-12 || total
-------------------------+-------+-------+-------+-------++-------
Melee: Spear             |   122 |    34 |       |       ||   156
       Halberd           |       |   131 |   489 |   154 ||   774
       Kick              |       |    23 |   104 |   285 ||   412
       Trident           |       |       |       |   654 ||   654
Invok: Berserk           |       |     2 |     3 |    19 ||    24
       Burn Spellbooks   |       |       |     3 |     2 ||     5
       Trog's Hand       |       |       |       |     2 ||     2
Evoke: Wand              |       |       |       |     5 ||     5
  Use: Potion            |       |       |       |     3 ||     3
       Scroll            |       |       |       |    15 ||    15
 Stab: Sleeping          |     1 |       |     4 |       ||     5
       Distracted        |       |       |       |     1 ||     1
  Eat: Chunk             |       |     9 |    19 |    23 ||    51
       Ration            |       |       |     1 |     8 ||     9
Armor: Animal skin       |    12 |       |       |       ||    12
       Ring mail         |     7 |    28 |    71 |       ||   106
       Leather armour    |       |       |    78 |   178 ||   256
Dodge: Dodged            |    74 |    61 |   214 |   318 ||   667
Block: Buckler           |       |       |       |    90 ||    90
